ORI
OREGON STATE UNIVERSITY BEAVERS @ UNIVERSITY OF FLORIDA GATORS
10/08/2049
 
TOP OF THE 1ST
Oregon State University Beavers batting - Pitching for University of Florida Gators : RHP Elliot Gallagher
Pitching: RHP Elliot Gallagher
Batting: RHB Lionello Pancaldi 0-0: Ball
1-0: Ball
2-0: Ground out 6-3 (Groundball, 6, EV 105.0 MPH)
Batting: LHB Jon Hamilton 0-0: Ball
1-0: Foul Ball, location: 2F
1-1: Foul Ball, location: 2F
1-2: Ground out U3 (Groundball, 3, EV 109.4 MPH)
Batting: RHB Luis Flores 0-0: Foul Ball, location: 2F
0-1: Ball
1-1: Foul Ball, location: 2F
1-2: Ball
2-2: SOLO HOME RUN (Flyball, 7D, EV 105.6 MPH), Distance : 400 ft
Batting: RHB Rafael Ventura 0-0: Ball
1-0: Ball
2-0: Fly out, F4 (Line Drive, 4, EV 73.1 MPH)
Top of the 1st over - 1 run, 1 hit, 0 errors, 0 left on base; Oregon State University 1 - University of Florida 0
BOTTOM OF THE 1ST
University of Florida Gators batting - Pitching for Oregon State University Beavers : RHP Henry DePetrillo
Pitching: RHP Henry DePetrillo
Batting: RHB Jiao-long Zhào 0-0: Fly out, F6 (Line Drive, 6, EV 69.4 MPH)
Batting: LHB Roy Davies 0-0: Ball
1-0: Ball
2-0: Foul Ball, location: 2F
2-1: Ground out U3 (Groundball, 3L, EV 99.4 MPH)
Batting: RHB Gong-sun Law 0-0: Called Strike
0-1: Called Strike
0-2: Strikes out swinging
Bottom of the 1st over - 0 runs, 0 hits, 0 errors, 0 left on base; Oregon State University 1 - University of Florida 0
TOP OF THE 2ND
Oregon State University Beavers batting - Pitching for University of Florida Gators : RHP Elliot Gallagher
Batting: SHB Jim Chute 0-0: Fly out, F7 (Flyball, 78D, EV 85.0 MPH)
Batting: LHB Jason Trevarrow 0-0: Called Strike
0-1: Called Strike
0-2: Ball
1-2: Foul Ball, location: 2F
1-2: Ball
2-2: Foul Ball, location: 2F
2-2: Ball
3-2: Strikes out swinging
Batting: LHB Brock Darby 0-0: Ball
1-0: Ground out 5-3 (Groundball, 5S, EV 85.6 MPH)
Top of the 2nd over - 0 runs, 0 hits, 0 errors, 0 left on base; Oregon State University 1 - University of Florida 0
BOTTOM OF THE 2ND
University of Florida Gators batting - Pitching for Oregon State University Beavers : RHP Henry DePetrillo
Batting: RHB Lião Weishampt 0-0: Called Strike
0-1: SINGLE (Groundball, P, EV 86.2 MPH) (infield hit)
Batting: SHB Tokuichi Ishida 0-0: Ball
1-0: Called Strike
1-1: Ball
2-1: Reached on error, E4 (Groundball, 4, EV 106.2 MPH)
Lião Weishampt to second
Batting: SHB Pat Justice 0-0: Grounds into double play, 6-4-3 (Groundball, 6S, EV 93.8 MPH)
Lião Weishampt to third
Batting: LHB Dave Newsome 0-0: Ball
1-0: Called Strike
1-1: Swinging Strike
1-2: Strikes out swinging
Bottom of the 2nd over - 0 runs, 1 hit, 1 error, 1 left on base; Oregon State University 1 - University of Florida 0
TOP OF THE 3RD
Oregon State University Beavers batting - Pitching for University of Florida Gators : RHP Elliot Gallagher
Batting: SHB Manny Zatarain 0-0: Ball
1-0: Ball
2-0: Ball
3-0: Called Strike
3-1: Foul Ball, location: 2F
3-2: Strikes out swinging
Batting: SHB Sosaia Apelahama 0-0: Ball
1-0: Swinging Strike
1-1: Fly out, F8 (Flyball, 8LD, EV 83.1 MPH)
Batting: RHB Lionello Pancaldi 0-0: Called Strike
0-1: Ball
1-1: Ball
2-1: Ball
3-1: Base on Balls
Batting: LHB Jon Hamilton 0-0: Called Strike
0-1: Ball
1-1: Called Strike
Lionello Pancaldi is caught stealing 2nd base 2-6
Top of the 3rd over - 0 runs, 0 hits, 0 errors, 0 left on base; Oregon State University 1 - University of Florida 0
BOTTOM OF THE 3RD
University of Florida Gators batting - Pitching for Oregon State University Beavers : RHP Henry DePetrillo
Batting: RHB Juan Lopez 0-0: Ball
1-0: Foul Ball, location: 2F
1-1: Ball
2-1: SINGLE (Groundball, 6MD, EV 106.2 MPH)
Batting: RHB Vince Trussell 0-0: Called Strike
0-1: SINGLE (Line Drive, 8LS, EV 106.9 MPH)
Juan Lopez to second
Batting: RHB Jiao-long Zhào 0-0: Ball
1-0: Called Strike
1-1: Foul Ball, location: 2F
1-2: Hit by Pitch
Juan Lopez to third
Vince Trussell to second
Batting: LHB Roy Davies 0-0: Foul Ball, location: 2F
0-1: Ball
1-1: Swinging Strike
1-2: SINGLE (Line Drive, 34, EV 112.5 MPH)
Juan Lopez scores
Vince Trussell to third
Jiao-long Zhào to second
Batting: RHB Gong-sun Law 0-0: Called Strike
0-1: Foul Ball, location: 2F
0-2: Ball
1-2: Ball
2-2: Ball
3-2: Base on Balls
Vince Trussell scores
Jiao-long Zhào to third
Roy Davies to second
Batting: RHB Lião Weishampt 0-0: Called Strike
0-1: Ball
1-1: Foul Ball, location: 2F
1-2: Ball
2-2: Foul Ball, location: 2F
2-2: Fielders Choice at 2nd, 5-4 (Groundball, 56S, EV 82.5 MPH)
Jiao-long Zhào scores
Roy Davies to third
Batting: SHB Tokuichi Ishida 0-0: Fly out, F7 (Flyball, 7, EV 86.9 MPH)
Runner from 3rd tags up, SCORES, throw by LF
Batting: SHB Pat Justice 0-0: Ball
1-0: Ball
2-0: Called Strike
2-1: Fielders Choice at 2nd, 6-4 (Groundball, 6, EV 103.8 MPH)
Bottom of the 3rd over - 4 runs, 3 hits, 0 errors, 1 left on base; Oregon State University 1 - University of Florida 4
TOP OF THE 4TH
Oregon State University Beavers batting - Pitching for University of Florida Gators : RHP Elliot Gallagher
Batting: LHB Jon Hamilton 0-0: Ball
1-0: Swinging Strike
1-1: Hit by Pitch
Batting: RHB Luis Flores 0-0: Ball
1-0: Called Strike
1-1: Foul Ball, location: 2F
1-2: Fly out, F8 (Flyball, 8LD, EV 94.4 MPH)
Batting: RHB Rafael Ventura 0-0: Called Strike
0-1: Ball
1-1: Foul Ball, location: 2F
1-2: Foul Ball, location: 2F
1-2: Foul Ball, location: 2F
1-2: Ball
2-2: Ball
3-2: Reached on error, E5 (Groundball, 56, EV 105.0 MPH)
Jon Hamilton to second
Batting: SHB Jim Chute 0-0: Called Strike
0-1: Ball
1-1: Foul Ball, location: 2F
1-2: Fly out, F1 (Popup, 13, EV 78.8 MPH)
Batting: LHB Jason Trevarrow 0-0: Foul Ball, location: 2F
0-1: Ball
1-1: Swinging Strike
1-2: Foul Ball, location: 2F
1-2: Fly out, F8 (Flyball, 8LD, EV 90.6 MPH)
Top of the 4th over - 0 runs, 0 hits, 1 error, 2 left on base; Oregon State University 1 - University of Florida 4
BOTTOM OF THE 4TH
University of Florida Gators batting - Pitching for Oregon State University Beavers : RHP Henry DePetrillo
Batting: LHB Dave Newsome 0-0: Ball
1-0: Fly out, F7 (Flyball, 78S, EV 79.4 MPH)
Batting: RHB Juan Lopez 0-0: Swinging Strike
0-1: Ball
1-1: Ground out 6-3 (Groundball, 6, EV 102.5 MPH)
Batting: RHB Vince Trussell 0-0: Called Strike
0-1: Called Strike
0-2: Strikes out swinging
Bottom of the 4th over - 0 runs, 0 hits, 0 errors, 0 left on base; Oregon State University 1 - University of Florida 4
TOP OF THE 5TH
Oregon State University Beavers batting - Pitching for University of Florida Gators : RHP Elliot Gallagher
Batting: LHB Brock Darby 0-0: Ball
1-0: Ball
2-0: Swinging Strike
2-1: Swinging Strike
2-2: Ball
3-2: Base on Balls
Batting: SHB Manny Zatarain 0-0: Called Strike
0-1: Grounds into double play, 1-6-3 (Groundball, 13S, EV 68.1 MPH)
Batting: SHB Sosaia Apelahama 0-0: Called Strike
0-1: Called Strike
0-2: Ball
1-2: Ball
2-2: Strikes out swinging
Top of the 5th over - 0 runs, 0 hits, 0 errors, 0 left on base; Oregon State University 1 - University of Florida 4
BOTTOM OF THE 5TH
University of Florida Gators batting - Pitching for Oregon State University Beavers : RHP Henry DePetrillo
Batting: RHB Jiao-long Zhào 0-0: Ball
1-0: Ball
2-0: Foul Ball, location: 2F
2-1: Foul Ball, location: 2F
2-2: Ball
3-2: Base on Balls
Batting: LHB Roy Davies 0-0: Fielders Choice at 2nd, 4-6 (Groundball, 4, EV 88.8 MPH)
Batting: RHB Gong-sun Law 0-0: Called Strike
0-1: Ground out 6-3 (Groundball, 6S, EV 70.6 MPH)
Roy Davies to second
Batting: RHB Lião Weishampt 0-0: Called Strike
0-1: Ball
1-1: SINGLE (Groundball, 3S, EV 98.1 MPH)
Roy Davies to third
Runner from 3rd tries for Home, SAFE, throw by RF to home
Pitching: RHP Rob Carson
Batting: SHB Tokuichi Ishida 0-0: SINGLE (Line Drive, 34, EV 96.9 MPH)
Lião Weishampt to second
Runner from 2nd tries for 3rd, SAFE, throw by RF made to third
Batting: SHB Pat Justice 0-0: Ball
1-0: Ball
2-0: Called Strike
2-1: SINGLE (Groundball, 3L, EV 98.1 MPH)
Lião Weishampt scores
Tokuichi Ishida to second
Runner from 2nd tries for 3rd, SAFE, throw by RF made to third
Pat Justice to second
Batting: LHB Dave Newsome 0-0: Ball
1-0: Called Strike
1-1: Foul Ball, location: 2F
1-2: Strikes out swinging
Bottom of the 5th over - 2 runs, 3 hits, 0 errors, 2 left on base; Oregon State University 1 - University of Florida 6
TOP OF THE 6TH
Oregon State University Beavers batting - Pitching for University of Florida Gators : RHP Elliot Gallagher
Batting: RHB Lionello Pancaldi 0-0: Ground out 6-3 (Groundball, 6, EV 103.1 MPH)
Batting: LHB Jon Hamilton 0-0: Ball
1-0: Ball
2-0: Ball
3-0: Base on Balls
Batting: RHB Luis Flores 0-0: Called Strike
0-1: Swinging Strike
0-2: Ball
1-2: Ball
2-2: Foul Ball, location: 2F
2-2: Foul Ball, location: 2F
2-2: Fly out, F8 (Flyball, 8LXD, EV 83.1 MPH)
Batting: RHB Rafael Ventura 0-0: Called Strike
0-1: Ball
1-1: Foul Ball, location: 2F
1-2: Ball
2-2: Fly out, F8 (Flyball, 8RD, EV 95.0 MPH)
Top of the 6th over - 0 runs, 0 hits, 0 errors, 1 left on base; Oregon State University 1 - University of Florida 6
BOTTOM OF THE 6TH
University of Florida Gators batting - Pitching for Oregon State University Beavers : RHP Rob Carson
Batting: RHB Juan Lopez 0-0: Ball
1-0: Ball
2-0: Ball
3-0: Called Strike
3-1: Ground out 1-3 (Groundball, 13S, EV 64.4 MPH)
Batting: RHB Vince Trussell 0-0: Ball
1-0: Called Strike
1-1: Foul Ball, location: 2F
1-2: Foul Ball, location: 2F
1-2: SINGLE (Groundball, 6MD, EV 105.0 MPH)
Batting: RHB Jiao-long Zhào 0-0: Foul Ball, location: 2F
0-1: Ball
1-1: Foul Ball, location: 2F
1-2: Foul Ball, location: 2F
1-2: Strikes out looking
Batting: LHB Roy Davies 0-0: Fly out, F8 (Line Drive, 8RM, EV 104.4 MPH)
Bottom of the 6th over - 0 runs, 1 hit, 0 errors, 1 left on base; Oregon State University 1 - University of Florida 6
TOP OF THE 7TH
Oregon State University Beavers batting - Pitching for University of Florida Gators : RHP Elliot Gallagher
Pitching: RHP Roberto Santiago
Batting: SHB Jim Chute 0-0: Called Strike
0-1: Fly out, F9 (Line Drive, 9LM, EV 94.4 MPH)
Batting: LHB Jason Trevarrow 0-0: Ball
1-0: Fly out, F8 (Line Drive, 8LS, EV 103.1 MPH)
Batting: LHB Brock Darby 0-0: Ground out 6-3 (Groundball, 6, EV 99.4 MPH)
Top of the 7th over - 0 runs, 0 hits, 0 errors, 0 left on base; Oregon State University 1 - University of Florida 6
BOTTOM OF THE 7TH
University of Florida Gators batting - Pitching for Oregon State University Beavers : RHP Rob Carson
Batting: RHB Gong-sun Law 0-0: Called Strike
0-1: Swinging Strike
0-2: Ball
1-2: Fly out, F9 (Flyball, 89M, EV 84.4 MPH)
Batting: RHB Lião Weishampt 0-0: Ball
1-0: Called Strike
1-1: Foul Ball, location: 2F
1-2: Strikes out looking
Batting: SHB Tokuichi Ishida 0-0: Swinging Strike
0-1: Ball
1-1: Ball
2-1: SINGLE (Groundball, 6D, EV 95.6 MPH)
Batting: SHB Pat Justice 0-0: Called Strike
0-1: Ball
Tokuichi Ishida steals 2nd base
1-1: Ball
2-1: Swinging Strike
2-2: Strikes out swinging
Bottom of the 7th over - 0 runs, 1 hit, 0 errors, 1 left on base; Oregon State University 1 - University of Florida 6
TOP OF THE 8TH
Oregon State University Beavers batting - Pitching for University of Florida Gators : RHP Roberto Santiago
Batting: SHB Manny Zatarain 0-0: Foul Ball, location: 2F
0-1: Called Strike
0-2: Ball
1-2: Fly out, F3 (Popup, 3F, EV 68.1 MPH)
Batting: SHB Sosaia Apelahama 0-0: Ball
1-0: Ground out 5-3 (Groundball, 56S, EV 87.5 MPH)
Batting: RHB Lionello Pancaldi 0-0: Ball
1-0: Called Strike
1-1: Ball
2-1: Swinging Strike
2-2: Strikes out swinging
Top of the 8th over - 0 runs, 0 hits, 0 errors, 0 left on base; Oregon State University 1 - University of Florida 6
BOTTOM OF THE 8TH
University of Florida Gators batting - Pitching for Oregon State University Beavers : RHP Rob Carson
Batting: LHB Dave Newsome 0-0: Ground out 6-3 (Groundball, 56, EV 91.9 MPH)
Batting: RHB Juan Lopez 0-0: Ball
1-0: Fly out, F8 (Flyball, 8LD, EV 86.2 MPH)
Batting: RHB Vince Trussell 0-0: Ball
1-0: Ball
2-0: Swinging Strike
2-1: Swinging Strike
2-2: Strikes out looking
Bottom of the 8th over - 0 runs, 0 hits, 0 errors, 0 left on base; Oregon State University 1 - University of Florida 6
TOP OF THE 9TH
Oregon State University Beavers batting - Pitching for University of Florida Gators : RHP Roberto Santiago
Batting: LHB Jon Hamilton 0-0: Ball
1-0: Foul Ball, location: 2F
1-1: Ground out U3 (Groundball, 3, EV 84.4 MPH)
Batting: RHB Luis Flores 0-0: Ball
1-0: Ball
2-0: Called Strike
2-1: DOUBLE (Line Drive, 9LM, EV 111.9 MPH)
Batting: RHB Rafael Ventura 0-0: Called Strike
0-1: DOUBLE (Line Drive, 7LS, EV 98.1 MPH)
Luis Flores scores
Batting: SHB Jim Chute 0-0: Swinging Strike
0-1: Ball
Wild Pitch!
Rafael Ventura to third
1-1: Ball
2-1: Ball
3-1: Swinging Strike
3-2: Foul Ball, location: 2F
3-2: Strikes out swinging
Batting: LHB Jason Trevarrow 0-0: Foul Ball, location: 2F
0-1: Ball
1-1: Swinging Strike
1-2: Foul Ball, location: 2F
1-2: Ball
2-2: Foul Ball, location: 2F
2-2: Foul Ball, location: 2F
2-2: Foul Ball, location: 2F
2-2: Strikes out swinging
Top of the 9th over - 1 run, 2 hits, 0 errors, 1 left on base; Oregon State University 2 - University of Florida 6
Sunday, July 16th , 2023 - OOTP Baseball 24.6 Build 69